 Dungeon Crawl Stone Soup version 0.14-a0-586-g2535b90 (webtiles) character file.

158504 MDvedh the Elven Blade (level 16, -3/117 HPs)
             Began as a High Elf Berserker on Nov 3, 2013.
             Was an Elder of Trog.
             Killed from afar by a greater naga (16 damage)
             ... with an orb of energy
             ... on Level 5 of the Snake Pit.
             The game lasted 01:43:13 (38335 turns).

MDvedh the Elven Blade (High Elf Berserker)        Turns: 38335, Time: 01:43:14

HP  -3/117       AC 34     Str 21      XL: 16   Next: 79%
MP  22/22        EV  4     Int 10 (12) God: Trog [****..]
Gold 3699        SH  0     Dex 16 (17) Spells:  0 memorised, 15 levels left

Res.Fire  : + . .   See Invis. : .   f - +3,+12 triple sword of Huram {slice, +Inv rElec MR++}
Res.Cold  : + . .   Warding    : .   l - +5 crystal plate armour
Life Prot.: . . .   Conserve   : .   (no shield)
Res.Poison: +       Res.Corr.  : .   h - +0 cap {rC+}
Res.Elec. : +       Clarity    : .   x - +0 dwarf cloak
Sust.Abil.: . .     Spirit.Shd : .   q - +0 pair of gauntlets
Res.Mut.  : .       Stasis     : .   D - +0 pair of boots
Res.Rott. : .       Flight     : .   d - cursed amulet of rage
Saprovore : . . .                    t - ring of protection from fire
                                     V - ring of poison resistance

@: regenerating, quite poisoned, very slightly contaminated, incredibly
resistant to hostile enchantments, extremely unstealthy
A: talons 1, deterioration 1, mutation resistance 2, slow metabolism 1, AC +2
a: Burn Spellbooks, Berserk, Trog's Hand, Brothers in Arms, Renounce Religion,
Evoke Berserk Rage, Evoke Invisibility
}: 1/15 runes: decaying


You were on level 5 of the Snake Pit.
You worshipped Trog.
Trog was greatly pleased with you.
You were not hungry.

You visited 5 branches of the dungeon, and saw 36 of its levels.
You also visited: Ice Cave.

You collected 4031 gold pieces.
You spent 332 gold pieces at shops.

Inventory:

Hand weapons
 f - the +3,+12 triple sword of Huram (weapon) {slice, +Inv rElec MR++}
   (Trog gifted it to you on level 10 of the Dungeon)

   It inflicts extra damage upon your enemies.
   It insulates you from electricity.
   It affects your resistance to hostile enchantments.
   It lets you turn invisible.
 p - a +5,+4 great sword of holy wrath
 I - a +1,+7 double sword of draining
Armour
 h - a +0 cap of cold resistance (worn)
 l - a +5 crystal plate armour (worn)
 q - a +0 pair of gauntlets (worn)
 x - a +0 dwarven cloak (worn)
 D - a +0 pair of boots (worn)
Magical devices
 m - a wand of teleportation (6)
 w - a wand of hasting (9)
 y - a wand of digging (2)
 Q - a wand of disintegration (7)
Comestibles
 a - a meat ration
 c - 13 bread rations
 j - a choko
 s - 12 strawberries
 C - 7 slices of pizza
Scrolls
 b - 9 scrolls of teleportation
 i - 3 scrolls of recharging
 k - 7 scrolls of identify
 v - 4 scrolls of fog
 F - 17 scrolls of remove curse
 H - a scroll of blinking
 K - 3 scrolls of magic mapping
 N - a scroll of summoning
 S - 3 scrolls of fear
Jewellery
 d - a cursed amulet of rage (around neck)
 e - an uncursed ring of protection from cold
 r - an uncursed ring of sustenance
 t - a ring of protection from fire (right hand)
 z - an uncursed ring of protection from cold
 J - a +3 ring of strength
 O - a +1 ring of dexterity
 P - an uncursed ring of teleport control
 T - an uncursed ring of flight
 V - a ring of poison resistance (left hand)
Potions
 g - 3 potions of agility
 n - 3 potions of magic
 u - 2 potions of restore abilities
 A - a potion of speed
 B - 3 potions of might
 L - 4 potions of flight


   Skills:
 + Level 14.5 Fighting
 - Level 24.3 Long Blades
 + Level 13.4 Armour
 - Level 2.1 Dodging


You had 15 spell levels left.
You didn't know any spells.

Dungeon Overview and Level Annotations

Branches:
Dungeon (14/27)            Temple (0/1) D:5             Orc (4/4) D:9
   Lair (8/8) D:10          Swamp (5/5) Lair:3        Snake (5/5) Lair:5
  Slime (0/6) Lair:6
    Elf: Orc:3-4

Altars:
Ashenzari
Cheibriados
Kikubaaqudgha
Nemelex Xobeh
Okawaru
Beogh

Shops:
Orc:4 =/?[   Snake:4 }

Portals:
Ziggurat: D:13 (3490 gp)


Innate Abilities, Weirdness & Mutations

You have sharp toenails.
You are partially covered in yellow scales (AC +2).
Your body is slowly deteriorating.
You are somewhat resistant to both further mutation and mutation removal.
You have a slow metabolism.


Message History

* * * LOW HITPOINT WARNING * * *
You feel sick.
* * * LOW HITPOINT WARNING * * *
You feel sick.
* * * LOW HITPOINT WARNING * * *
You feel sick.
* * * LOW HITPOINT WARNING * * *
You feel sick.
* * * LOW HITPOINT WARNING * * *
You feel sick.
Unknown command.
Use which ability? (? or * to list)
Your skin crawls.
You feel resistant to hostile enchantments.
You feel slightly more hungry.
* * * LOW HITPOINT WARNING * * *
You feel sick.
The greater naga points at you and mumbles some strange words.
The orb of energy hits you!
You die...

#......ยง....) #.###########
#.# ***### #.# ***,,... #.#
**,,,,... #)# *,,,,,###
############ #)#**,,,,****
#..........######.#*,,,,****,
#...........@.....#*,,,*,,,,,
#..........#####N.#*,,*,,,,,,
#..........# #..#*,,**,,,,,
#..........# #..#*,***,,,,,
#.......)..# #N.#,,**,,,,,,
#..........# ##..#,**,,,,,,,
#..........# #...#,,*,,,,,,,
#####......####...#,**,,,,,,,
#.........##...#,*,,,,,,,*


You could see a greater naga.

Vanquished Creatures
  Norris (Swamp:2)
  A tentacled monstrosity (Swamp:4)
  Rupert (Swamp:2)
  Kirke (Swamp:5)
  A frost giant (IceCv)
  A greater naga (Snake:5)
  A dragon (Lair:6)
  Harold (Orc:2)
  Josephine (D:13)
  12 ravenous item mimics (Snake:4)
  Erica (D:12)
  4 anacondas
  3 death yaks (Lair:6)
  3 alligators
  5 naga warriors
  3 hill giants
  A giant amoeba (Lair:5)
  An ice statue (Lair:6)
  An orc knight (Orc:4)
  3 red wasps
  Joseph (D:9)
  6 swamp dragons
  4 griffons
  A cyclops (D:13)
  16 elephants
  27 black mambas
  A guardian serpent (Snake:4)
  13 spiny frogs
  8 item mimics
  A vapour (Swamp:3)
  2 feature mimics
  11 naga magi
  A hydra zombie (D:13)
  5 komodo dragons
  9 giant leeches
  3 fire drakes
  2 trolls
  3 two-headed ogres
  11 slime creatures
  17 polar bears
  4 bog bodies
  A grizzly bear (Lair:3)
  A jumping spider (Lair:7)
  3 blink frogs (Lair:3)
  The ghost of 4tharraofdagon the Firebug, an average DjFE (D:4)
  A trapdoor spider (D:10)
  3 baby alligators (Swamp:3)
  3 sharks
  5 ugly things (D:14)
  A hill giant zombie (D:13)
  9 hippogriffs
  6 hogs
  A griffon skeleton (D:11)
  2 wyverns
  59 yaks
  A basilisk (Lair:1)
  Eustachio (Orc:2)
  2 wraiths (D:11)
  3 elephant slugs
  Grum (D:12)
  2 hill giant skeletons
  3 hungry ghosts
  32 vampire mosquitoes
  Edmund (D:9)
  Menkaure (D:6)
  2 hell hounds (Lair:8)
  55 swamp worms
  22 wolves
  2 dwarves (D:8)
  12 porcupines
  10 swamp drakes
  15 giant goldfish
  44 orc warriors
  A yellow wasp (D:12)
  55 nagas
  6 sky beasts
  3 black bears
  8 ice beasts
  20 centaurs
  4 lava worms
  6 ogres
  A boring beetle (shapeshifter) (D:14)
  2 boring beetles
  6 phantoms
  8 wargs
  Duvessa (D:9)
  11 crocodiles
  A brain worm (Lair:6)
  4 giant slugs
  21 giant frogs
  A big kobold (D:12)
  A yaktaur zombie (D:13)
  A manticore zombie (D:13)
  45 water moccasins
  5 agate snails
  A wyvern zombie (D:6)
  A cyclops skeleton (D:14)
  8 jellyfish
  A hippogriff zombie (D:12)
  3 pulsating lumps (Lair:6)
  7 killer bees
  10 wights
  3 electric eels (Lair:4)
  2 lava snakes (Lair:6)
  7 crimson imps
  2 goliath beetles
  Dowan (D:9)
  8 spiders (Snake:1)
  A basilisk zombie (D:13)
  23 hounds
  14 orc priests
  10 big fish
  25 orc wizards
  3 scorpions
  11 jellies
  7 iguanas
  A quasit (D:10)
  A killer bee zombie (D:14)
  9 worker ants
  6 sheep (Lair:8)
  A mottled dragon skeleton (D:10)
  5 boggarts (D:14)
  A mummy (D:13)
  Terence (D:3)
  A worker ant zombie (D:11)
  A giant centipede (D:10)
  60 adders
  16 green rats
  2 giant mites
  15 white imps
  5 worms
  A grey rat (Orc:2)
  A giant eyeball (D:6)
  7 giant geckos
  10 oozes (Lair:5)
  145 orcs
  19 bats
  A bat zombie (D:7)
  4 giant cockroaches
  22 hobgoblins
  37 jackals
  12 quokkas
  3 ball pythons
  A giant gecko skeleton (D:6)
  A giant gecko zombie (D:9)
  6 giant newts
  A giant spore (D:13)
  19 goblins
  A jackal skeleton (D:8)
  24 kobolds
  An orc zombie (D:5)
  22 rats
  A rat skeleton (D:4)
  A rat zombie (D:6)
  18 ballistomycetes
  A butterfly (D:5)
  4 fungi (Lair:5)
  2 plants
1346 creatures vanquished.

Vanquished Creatures (collateral kills)
  Mara (Swamp:5)
  Aizul (Snake:5)
  A greater naga (Snake:5)
  8 hydras
  2 death yaks (Lair:6)
  A naga mage (Snake:5)
  A komodo dragon (Lair:7)
  6 ugly things (D:10)
  2 redbacks (Lair:7)
  A yak (Lair:7)
  3 vampire mosquitoes (Swamp:5)
  A swamp worm (Swamp:5)
  A crocodile (Lair:7)
29 creatures vanquished.

Vanquished Creatures (others)
  14 hydras (Swamp:5)
  5 swamp dragons (Swamp:5)
  2 deep trolls
  An orc knight (Orc:4)
  4 trolls
  3 two-headed ogres
  A vampire mosquito (Swamp:5)
  6 swamp drakes (Swamp:5)
  4 ogres (Snake:5)
  2 orcs (Orc:4)
  2 giant spores (D:11)
  2 fungi
  3 plants (Lair:6)
49 creatures vanquished.

Grand Total: 1424 creatures vanquished

Notes
Turn   | Place    | Note
--------------------------------------------------------------
     0 | D:1      | MDvedh, the High Elf Berserker, began the quest for the Orb.
     0 | D:1      | Reached XP level 1. HP: 16/16 MP: 1/1
   202 | D:1      | Reached skill level 4 in Long Blades
   262 | D:1      | Reached XP level 2. HP: 19/21 MP: 2/2
   391 | D:1      | Acquired Trog's second power
   799 | D:2      | Reached skill level 5 in Long Blades
   982 | D:2      | Reached XP level 3. HP: 27/27 MP: 4/4
  1559 | D:2      | Reached XP level 4. HP: 30/32 MP: 6/6
  1604 | D:2      | Reached skill level 6 in Long Blades
  1713 | D:3      | Noticed Terence
  1717 | D:3      | Killed Terence
  1838 | D:3      | Reached skill level 7 in Long Blades
  1838 | D:3      | Reached XP level 5. HP: 36/36 MP: 7/7
  2440 | D:4      | Reached skill level 8 in Long Blades
  2615 | D:4      | Noticed a phantom
  2650 | D:4      | Killed a phantom
  2650 | D:4      | Reached XP level 6. HP: 43/43 MP: 9/9
  2682 | D:4      | Noticed an ogre
  2725 | D:4      | Killed an ogre
  2725 | D:4      | Reached skill level 9 in Long Blades
  2882 | D:4      | Acquired Trog's third power
  3239 | D:4      | Noticed 4tharraofdagon's ghost (average DjFE)
  3244 | D:4      | Killed 4tharraofdagon's ghost
  3244 | D:4      | Reached skill level 10 in Long Blades
  3244 | D:4      | Reached XP level 7. HP: 47/47 MP: 11/11
  3387 | D:4      | Noticed a phantom
  3397 | D:4      | Killed a phantom
  3484 | D:4      | Found a sparkling altar of Nemelex Xobeh.
  3523 | D:5      | Entered Level 5 of the Dungeon
  3523 | D:5      | Found a staircase to the Ecumenical Temple.
  3569 | D:5      | Reached skill level 11 in Long Blades
  3635 | D:5      | Reached XP level 8. HP: 40/54 MP: 12/12
  3922 | D:5      | Reached skill level 12 in Long Blades
  4938 | D:6      | Paralysed by a giant eyeball for 3 turns
  4992 | D:6      | Noticed Menkaure
  5003 | D:6      | Killed Menkaure
  5437 | D:7      | Noticed a troll
  5454 | D:7      | Killed a troll
  5454 | D:7      | Reached skill level 5 in Armour
  5654 | D:7      | Reached XP level 9. HP: 58/58 MP: 14/14
  6046 | D:7      | Found an ancient bone altar of Kikubaaqudgha.
  6061 | D:7      | Found a shattered altar of Ashenzari.
  6295 | D:8      | Reached skill level 13 in Long Blades
  6568 | D:8      | Found an iron altar of Okawaru.
  6724 | D:8      | Received a gift from Trog
  7082 | D:9      | Reached skill level 14 in Long Blades
  7128 | D:9      | Reached XP level 10. HP: 63/63 MP: 16/16
  7257 | D:9      | Noticed Joseph
  7272 | D:9      | Killed Joseph
  7360 | D:9      | Noticed Dowan
  7362 | D:9      | Noticed Duvessa
  7371 | D:9      | Killed Dowan
  7376 | D:9      | Killed Duvessa
  7510 | D:9      | Found a staircase to the Orcish Mines.
  7739 | D:9      | Found a snail-covered altar of Cheibriados.
  7826 | D:9      | Reached skill level 15 in Long Blades
  7875 | D:9      | Noticed Edmund
  7891 | D:9      | Killed Edmund
  7964 | D:10     | Entered Level 10 of the Dungeon
  8175 | D:10     | Gained mutation: Armour fits poorly on your strangely shaped body. [mutagenic meat]
  8176 | D:10     | Gained mutation: Your vision is a little blurry. [mutagenic meat]
  8199 | D:10     | Noticed an elephant
  8212 | D:10     | Killed an elephant
  8320 | D:10     | Gained mutation: Your mind is acute. (Int +2) [potion of beneficial mutation]
  8324 | D:10     | Gained mutation: Your body is slowly deteriorating. [potion of mutation]
  8324 | D:10     | Gained mutation: You cover ground slowly. [potion of mutation]
  8360 | D:10     | Reached XP level 11. HP: 69/69 MP: 17/17
  8400 | D:10     | Noticed an elephant
  8414 | D:10     | Killed an elephant
  8641 | D:10     | Gained mutation: Your vision is quite blurry. [potion of mutation]
  8641 | D:10     | Gained mutation: You are partially covered in yellow scales (AC +2). [potion of mutation]
  8641 | D:10     | Lost mutation: Your vision is quite blurry. [potion of mutation]
  8724 | D:10     | Noticed an elephant
  8748 | D:10     | Killed an elephant
  8748 | D:10     | Reached skill level 10 in Armour
  8842 | D:10     | Noticed an elephant
  8860 | D:10     | Killed an elephant
  8880 | D:10     | Noticed an elephant
  8891 | D:10     | Killed an elephant
  9155 | D:10     | Noticed an elephant
  9171 | D:10     | Killed an elephant
  9171 | D:10     | Reached skill level 16 in Long Blades
  9173 | D:10     | Received a gift from Trog
  9176 | D:10     | Got a dazzling triple sword {god gift}
  9177 | D:10     | Identified the +3,+12 triple sword of Huram {slice, +Inv rElec MR++} (Trog gifted it to you on level 10 of the Dungeon)
  9177 | D:10     | Identified the +3,+12 triple sword of Huram {slice, +Inv rElec MR++} (Trog gifted it to you on level 10 of the Dungeon)
  9272 | D:10     | Found a staircase to the Lair.
  9317 | D:10     | Noticed an elephant
  9324 | D:10     | Killed an elephant
  9330 | D:10     | Noticed an elephant
  9337 | D:10     | Killed an elephant
  9413 | D:10     | Found a roughly hewn altar of Beogh.
  9972 | D:10     | Reached skill level 17 in Long Blades
 10329 | D:11     | Noticed a hill giant
 10334 | D:11     | Killed a hill giant
 10575 | D:11     | Received a gift from Trog
 10602 | D:11     | Reached skill level 18 in Long Blades
 10723 | D:11     | Reached XP level 12. HP: 56/74 MP: 18/18
 11445 | D:12     | Noticed Grum
 11451 | D:12     | Killed Grum
 11749 | D:12     | Reached skill level 19 in Long Blades
 12015 | D:12     | Noticed Erica
 12039 | D:12     | Killed Erica
 12380 | D:13     | Noticed Josephine
 12385 | D:13     | Killed Josephine
 12768 | D:13     | Reached skill level 20 in Long Blades
 12934 | D:13     | Found a gateway to a ziggurat.
 13099 | D:14     | Gained mutation: You have a slow metabolism. [mutagenic meat]
 13101 | D:14     | Gained mutation: Your mind is very acute. (Int +4) [mutagenic meat]
 13922 | Lair:1   | Entered Level 1 of the Lair of Beasts
 14284 | Lair:1   | Noticed a five-headed hydra
 14296 | Lair:1   | Killed a seven-headed hydra
 14296 | Lair:1   | Reached XP level 13. HP: 27/80 MP: 20/20
 15108 | Lair:2   | Found a frozen archway.
 15146 | Lair:2   | Received a gift from Trog
 15267 | IceCv    | Entered an ice cave
 15297 | IceCv    | Reached skill level 21 in Long Blades
 15301 | IceCv    | Reached skill level 5 in Fighting
 15710 | IceCv    | Gained mutation: You have sharp toenails. [potion of beneficial mutation]
 15711 | IceCv    | Gained mutation: You are somewhat resistant to further mutation. [potion of beneficial mutation]
 16031 | IceCv    | Noticed a frost giant
 16044 | IceCv    | Killed a frost giant
 16757 | Lair:3   | Found a staircase to the Swamp.
 17063 | Lair:3   | Received a gift from Trog
 17278 | Lair:3   | Lost mutation: You cover ground slowly. [potion of cure mutation]
 17278 | Lair:3   | Lost mutation: Your mind is very acute. (Int +4) [potion of cure mutation]
 17278 | Lair:3   | Lost mutation: Your vision is a little blurry. [potion of cure mutation]
 17278 | Lair:3   | Lost mutation: Armour fits poorly on your strangely shaped body. [potion of cure mutation]
 17278 | Lair:3   | Lost mutation: Your mind is acute. (Int +2) [potion of cure mutation]
 18003 | Lair:4   | Received a gift from Trog
 18834 | Lair:5   | Reached skill level 22 in Long Blades
 18945 | Lair:5   | Received a gift from Trog
 18986 | Lair:5   | Reached XP level 14. HP: 61/94 MP: 11/20
 19185 | Lair:5   | Found a staircase to the Snake Pit.
 20365 | Lair:6   | Paralysed by a potion of paralysis for 4 turns
 20374 | Lair:6   | Received a gift from Trog
 20605 | Lair:6   | Found a staircase to the Slime Pits.
 21129 | Lair:6   | Reached skill level 10 in Fighting
 21463 | Lair:7   | Gained mutation: You are somewhat resistant to both further mutation and mutation removal. [potion of mutation]
 22559 | Lair:8   | Entered Level 8 of the Lair of Beasts
 22988 | Lair:8   | Reached skill level 23 in Long Blades
 23040 | Lair:8   | Received a gift from Trog
 24122 | Orc:1    | Entered Level 1 of the Orcish Mines
 24144 | Orc:1    | Received a gift from Trog
 24529 | Orc:2    | Found an ancient bone altar of Kikubaaqudgha.
 24579 | Orc:2    | Noticed Harold
 24588 | Orc:2    | Killed Harold
 25082 | Orc:3    | Received a gift from Trog
 25268 | Orc:4    | Entered Level 4 of the Orcish Mines
 25562 | Orc:4    | Found Plurir's Magical Wand Boutique.
 25562 | Orc:4    | Found Roxeasonn's Magic Scroll Emporium.
 25885 | Orc:4    | Reached XP level 15. HP: 93/104 MP: 21/21
 26097 | Orc:4    | Found Plavaru's Antique Armour Shoppe.
 26099 | Orc:4    | Found Etroegy's Jewellery Shop.
 26136 | Orc:4    | Bought a twisted scale mail for 332 gold pieces
 26137 | Orc:4    | Identified the -3 scale mail "Twouvasa" {Dex-5 Int+2} (You bought it in a shop on level 4 of the Orcish Mines)
 26186 | Orc:4    | Received a gift from Trog
 26877 | Orc:2    | Noticed Eustachio
 26887 | Orc:2    | Killed Eustachio
 26937 | Orc:2    | Received a gift from Trog
 27624 | Swamp:1  | Entered Level 1 of the Swamp
 29161 | Swamp:2  | Received a gift from Trog
 29455 | Swamp:2  | Noticed Rupert
 29465 | Swamp:2  | Killed Rupert
 29468 | Swamp:2  | Noticed Norris
 30044 | Swamp:2  | Killed Norris
 31024 | Swamp:3  | Received a gift from Trog
 32152 | Swamp:4  | Noticed a tentacled monstrosity
 32161 | Swamp:4  | Killed a tentacled monstrosity
 32486 | Swamp:5  | Entered Level 5 of the Swamp
 32489 | Swamp:5  | Reached skill level 24 in Long Blades
 32490 | Swamp:5  | Noticed Kirke
 32511 | Swamp:4  | Received a gift from Trog
 32576 | Swamp:5  | Killed Kirke
 32964 | Swamp:5  | Got a decaying rune of Zot
 33278 | Swamp:5  | Noticed Mara
 33284 | Swamp:5  | Killed Mara
 33284 | Swamp:5  | Reached XP level 16. HP: 114/114 MP: 22/22
 33764 | Snake:1  | Entered Level 1 of the Snake Pit
 33964 | Snake:1  | Received a gift from Trog
 35597 | Snake:3  | Received a gift from Trog
 36414 | Snake:4  | Found Klusm's Gadget Shoppe.
 36931 | Snake:4  | Received a gift from Trog
 37234 | Snake:5  | Entered Level 5 of the Snake Pit
 37602 | Snake:5  | Noticed Aizul
 37650 | Snake:5  | Killed Aizul
 38335 | Snake:5  | Killed from afar by a greater naga

Action                   |  1- 3 |  4- 6 |  7- 9 | 10-12 | 13-15 | 16-18 || total
-------------------------+-------+-------+-------+-------+-------+-------++-------
Melee: Falchion          |   106 |   242 |   208 |     4 |       |       ||   560
       Scimitar          |       |       |   262 |   380 |       |       ||   642
       Great sword       |       |       |     1 |       |       |       ||     1
       Triple sword      |       |       |       |   439 |  1693 |   501 ||  2633
Invok: Berserk           |       |     5 |     8 |    11 |     9 |       ||    33
       Burn Spellbooks   |       |       |     1 |     1 |     3 |     1 ||     6
       Brothers in Arms  |       |       |       |     3 |    18 |     7 ||    28
       Trog's Hand       |       |       |       |     1 |     2 |     2 ||     5
 Abil: Evoke Teleport Co |       |       |       |       |     2 |       ||     2
Evoke: Wand              |       |       |       |     8 |     4 |     4 ||    16
  Use: Scroll            |       |    15 |     7 |     8 |    24 |     6 ||    60
       Potion            |       |       |       |    13 |    26 |     4 ||    43
 Stab: Invisible         |       |       |       |       |     5 |       ||     5
